TOP OF THE 1ST |
Scranton WB RailRiders batting - Pitching for Durham Bulls : RHP Eric Smith
|
Pitching: RHP Eric Smith
|
|
Batting: RHB Devon Utley
|
0-0: Ball 1-0: Foul Ball, location: 2F 1-1: Called Strike 1-2: Ball 2-2: Fly out, F8 (Flyball, 8LD, EV 89.4 MPH)
|
Batting: LHB Aaron Joyner
|
0-0: Foul Ball, location: 2F 0-1: Foul Ball, location: 2F 0-2: Ball 1-2: Ball 2-2: Foul Ball, location: 2F 2-2: Ball 3-2: Ground out 4-3 (Groundball, 34, EV 85.0 MPH)
|
Batting: SHB Mukhtar Wa'il
|
0-0: Fly out, F4 (Line Drive, 4, EV 73.8 MPH)
|
Top of the 1st over - 0 runs, 0 hits, 0 errors, 0 left on base; Scranton WB 0 - Durham 0 |
BOTTOM OF THE 1ST |
Durham Bulls batting - Pitching for Scranton WB RailRiders : LHP Jay Turpin
|
Pitching: LHP Jay Turpin
|
|
Batting: RHB Alex Diaz
|
0-0: Foul Ball, location: 2F 0-1: Ball 1-1: Ground out 5-3 (Groundball, 5S, EV 91.2 MPH)
|
Batting: SHB Joey Pacheco
|
0-0: Foul Ball, location: 2F 0-1: Called Strike 0-2: Ball 1-2: Ball 2-2: Ball 3-2: Foul Ball, location: 2F 3-2: Ground out 5-3 (Groundball, 56, EV 99.4 MPH)
|
Batting: RHB Danny Diaz
|
0-0: Called Strike 0-1: DOUBLE (Line Drive, 78XD, EV 101.2 MPH)
|
Batting: RHB Jonathan Fraire
|
0-0: Ball 1-0: Ball 2-0: Ball 3-0: Base on Balls
|
Batting: RHB Kevin Benfield
|
0-0: Ball 1-0: Called Strike 1-1: Called Strike 1-2: Ball 2-2: Fly out, F6 (Line Drive, 6M, EV 66.2 MPH)
|
Bottom of the 1st over - 0 runs, 1 hit, 0 errors, 2 left on base; Scranton WB 0 - Durham 0 |
TOP OF THE 2ND |
Scranton WB RailRiders batting - Pitching for Durham Bulls : RHP Eric Smith
|
Batting: SHB Ryan Buchbinder
|
0-0: Ball 1-0: Fly out, F9 (Line Drive, 89M, EV 106.2 MPH)
|
Batting: LHB Dan Morris
|
0-0: Swinging Strike 0-1: Called Strike 0-2: Ball 1-2: Ball 2-2: Strikes out looking
|
Batting: RHB Andy Wasierski
|
0-0: Ball 1-0: Called Strike 1-1: Fly out, F8 (Flyball, 8LM, EV 83.8 MPH)
|
Top of the 2nd over - 0 runs, 0 hits, 0 errors, 0 left on base; Scranton WB 0 - Durham 0 |
BOTTOM OF THE 2ND |
Durham Bulls batting - Pitching for Scranton WB RailRiders : LHP Jay Turpin
|
Batting: RHB Sesto Carpini
|
0-0: Ball 1-0: Called Strike 1-1: Called Strike 1-2: Ball 2-2: SINGLE (Groundball, 6MD, EV 95.0 MPH)
|
Batting: RHB Jose Arriola
|
0-0: Called Strike 0-1: Foul Ball, location: 2F 0-2: Foul Ball, location: 2F 0-2: Grounds into double play, 4-6-3 (Groundball, 4, EV 100.6 MPH)
|
Batting: LHB Jake Rheaume
|
0-0: Foul Ball, location: 2F 0-1: Ball 1-1: Ball 2-1: Foul Ball, location: 2F 2-2: Ball 3-2: Fly out, F7 (Flyball, 7S, EV 81.9 MPH)
|
Bottom of the 2nd over - 0 runs, 1 hit, 0 errors, 0 left on base; Scranton WB 0 - Durham 0 |
TOP OF THE 3RD |
Scranton WB RailRiders batting - Pitching for Durham Bulls : RHP Eric Smith
|
Batting: SHB Joe Fure
|
0-0: Foul Ball, location: 2F 0-1: Ball 1-1: Called Strike 1-2: Ball 2-2: Ground out 6-3 (Groundball, 4M, EV 106.9 MPH)
|
Batting: RHB Josh Zoglmann
|
0-0: Ball 1-0: Ball 2-0: Ball 3-0: Base on Balls
|
Batting: RHB Mike Plugge
|
0-0: Ball 1-0: Called Strike Josh Zoglmann is caught stealing 2nd base 2-4 1-1: Ball 2-1: Ground out 6-3 (Groundball, 6, EV 79.4 MPH)
|
Top of the 3rd over - 0 runs, 0 hits, 0 errors, 0 left on base; Scranton WB 0 - Durham 0 |
BOTTOM OF THE 3RD |
Durham Bulls batting - Pitching for Scranton WB RailRiders : LHP Jay Turpin
|
Batting: RHB Antonio Pacheco
|
0-0: Ground out 6-3 (Groundball, 6, EV 105.0 MPH)
|
Batting: RHB Alex Diaz
|
0-0: Called Strike 0-1: Called Strike 0-2: Ground out 4-3 (Groundball, 4M, EV 104.4 MPH)
|
Batting: SHB Joey Pacheco
|
0-0: Called Strike 0-1: Foul Ball, location: 2F 0-2: Ball 1-2: Foul Ball, location: 2F 1-2: Foul Ball, location: 2F 1-2: Fly out, F3 (Line Drive, 3L, EV 65.6 MPH)
|
Bottom of the 3rd over - 0 runs, 0 hits, 0 errors, 0 left on base; Scranton WB 0 - Durham 0 |
TOP OF THE 4TH |
Scranton WB RailRiders batting - Pitching for Durham Bulls : RHP Eric Smith
|
Batting: RHB Devon Utley
|
0-0: Swinging Strike 0-1: Ball 1-1: Foul Ball, location: 2F 1-2: Ball 2-2: Fly out, F9 (Line Drive, 89D, EV 93.8 MPH)
|
Batting: LHB Aaron Joyner
|
0-0: Called Strike 0-1: Foul Ball, location: 2F 0-2: Ball 1-2: Ball 2-2: Ball 3-2: Base on Balls
|
Batting: SHB Mukhtar Wa'il
|
0-0: Ball 1-0: Ball 2-0: Called Strike 2-1: Foul Ball, location: 2F 2-2: Foul Ball, location: 2F 2-2: Strikes out swinging Aaron Joyner steals 2nd base (no throw) Batter strikes out.
|
Batting: SHB Ryan Buchbinder
|
0-0: Called Strike 0-1: Foul Ball, location: 2F 0-2: Fly out, F4 (Flyball, 34D, EV 96.2 MPH)
|
Top of the 4th over - 0 runs, 0 hits, 0 errors, 1 left on base; Scranton WB 0 - Durham 0 |
BOTTOM OF THE 4TH |
Durham Bulls batting - Pitching for Scranton WB RailRiders : LHP Jay Turpin
|
Batting: RHB Danny Diaz
|
0-0: Ground out 4-3 (Groundball, 34, EV 100.0 MPH)
|
Batting: RHB Jonathan Fraire
|
0-0: Ball 1-0: Ball 2-0: Ground out 3-1 (Groundball, 34, EV 89.4 MPH)
|
Batting: RHB Kevin Benfield
|
0-0: Called Strike 0-1: Ground out 6-3 (Groundball, 56, EV 92.5 MPH)
|
Bottom of the 4th over - 0 runs, 0 hits, 0 errors, 0 left on base; Scranton WB 0 - Durham 0 |
TOP OF THE 5TH |
Scranton WB RailRiders batting - Pitching for Durham Bulls : RHP Eric Smith
|
Batting: LHB Dan Morris
|
0-0: Ball 1-0: SINGLE (Line Drive, 7S, EV 105.0 MPH)
|
Batting: RHB Andy Wasierski
|
0-0: Called Strike 0-1: Ball 1-1: Called Strike Dan Morris steals 2nd base 1-2: Foul Ball, location: 2F 1-2: Ball 2-2: Strikes out looking
|
Batting: SHB Joe Fure
|
0-0: Ball 1-0: Foul Ball, location: 2F 1-1: Ball 2-1: Ball Dan Morris is caught stealing 3rd base 2-5 3-1: Called Strike 3-2: Ground out 4-3 (Groundball, 4, EV 91.9 MPH)
|
Top of the 5th over - 0 runs, 1 hit, 0 errors, 0 left on base; Scranton WB 0 - Durham 0 |
BOTTOM OF THE 5TH |
Durham Bulls batting - Pitching for Scranton WB RailRiders : LHP Jay Turpin
|
Batting: RHB Sesto Carpini
|
0-0: Foul Ball, location: 2F 0-1: Foul Ball, location: 2F 0-2: Ball 1-2: Foul Ball, location: 2F 1-2: Foul Ball, location: 2F 1-2: Foul Ball, location: 2F 1-2: Foul Ball, location: 2F 1-2: Ball 2-2: Fly out, F9 (Flyball, 9S, EV 88.8 MPH)
|
Batting: RHB Jose Arriola
|
0-0: Ground out 6-3 (Groundball, 6S, EV 78.1 MPH)
|
Batting: LHB Jake Rheaume
|
0-0: Ball 1-0: Called Strike 1-1: Called Strike 1-2: Foul Ball, location: 2F 1-2: Ground out 6-3 (Groundball, 6M, EV 105.6 MPH)
|
Bottom of the 5th over - 0 runs, 0 hits, 0 errors, 0 left on base; Scranton WB 0 - Durham 0 |
TOP OF THE 6TH |
Scranton WB RailRiders batting - Pitching for Durham Bulls : RHP Eric Smith
|
Batting: RHB Josh Zoglmann
|
0-0: Foul Ball, location: 2F 0-1: Foul Ball, location: 2F 0-2: Ball 1-2: Ground out 5-3 (Groundball, 56S, EV 85.0 MPH)
|
Batting: RHB Mike Plugge
|
0-0: Called Strike 0-1: Ball 1-1: Ball 2-1: Ball 3-1: Called Strike 3-2: Foul Ball, location: 2F 3-2: Base on Balls
|
Pitching: RHP Al Speer
|
|
Batting: RHB Devon Utley
|
0-0: Ball 1-0: Grounds into double play, 4-6-3 (Groundball, 4MS, EV 81.9 MPH)
|
Top of the 6th over - 0 runs, 0 hits, 0 errors, 0 left on base; Scranton WB 0 - Durham 0 |
BOTTOM OF THE 6TH |
Durham Bulls batting - Pitching for Scranton WB RailRiders : LHP Jay Turpin
|
Batting: RHB Antonio Pacheco
|
0-0: Called Strike 0-1: Foul Ball, location: 2F 0-2: Ball 1-2: Ground out 4-3 (Groundball, 34, EV 100.0 MPH)
|
Batting: RHB Alex Diaz
|
0-0: Ball 1-0: Ball 2-0: Ball 3-0: Base on Balls
|
Batting: SHB Joey Pacheco
|
0-0: Ball Alex Diaz steals 2nd, throwing error, E2 Alex Diaz to third 1-0: Ball 2-0: Ball 3-0: Foul Ball, location: 2F 3-1: Called Strike 3-2: Base on Balls
|
Batting: RHB Danny Diaz
|
0-0: Ball 1-0: Ball Joey Pacheco steals 2nd base (no throw) 2-0: Ground out 4-3 (Groundball, 4, EV 100.0 MPH)
|
Batting: RHB Jonathan Fraire
|
0-0: Ball 1-0: Foul Ball, location: 2F 1-1: Called Strike 1-2: Foul Ball, location: 2F 1-2: Strikes out looking
|
Bottom of the 6th over - 0 runs, 0 hits, 1 error, 2 left on base; Scranton WB 0 - Durham 0 |
TOP OF THE 7TH |
Scranton WB RailRiders batting - Pitching for Durham Bulls : RHP Al Speer
|
Batting: LHB Aaron Joyner
|
0-0: Called Strike 0-1: Ball 1-1: Foul Ball, location: 2F 1-2: Ground out 4-3 (Groundball, 4, EV 91.2 MPH)
|
Batting: SHB Mukhtar Wa'il
|
0-0: Ball 1-0: Ball 2-0: Called Strike 2-1: Ball 3-1: Fly out, F9 (Flyball, 9S, EV 96.2 MPH)
|
Batting: SHB Ryan Buchbinder
|
0-0: Called Strike 0-1: Foul Ball, location: 2F 0-2: Foul Ball, location: 2F 0-2: Ground out U3 (Groundball, 23, EV 94.4 MPH)
|
Top of the 7th over - 0 runs, 0 hits, 0 errors, 0 left on base; Scranton WB 0 - Durham 0 |
BOTTOM OF THE 7TH |
Durham Bulls batting - Pitching for Scranton WB RailRiders : LHP Jay Turpin
|
Pitching: RHP Soh Kawashima
|
|
Batting: RHB Kevin Benfield
|
0-0: Called Strike 0-1: Called Strike 0-2: Fly out, F7 (Line Drive, 78M, EV 95.6 MPH)
|
Batting: RHB Sesto Carpini
|
0-0: Called Strike 0-1: Ball 1-1: Ball 2-1: Called Strike 2-2: Foul Ball, location: 2F 2-2: Ball 3-2: Foul Ball, location: 2F 3-2: Ground out 5-3 (Groundball, 5S, EV 87.5 MPH)
|
Batting: RHB Jose Arriola
|
0-0: Ball 1-0: SINGLE (Line Drive, 5D, EV 105.0 MPH)
|
Batting: LHB Jake Rheaume
|
0-0: Fly out, F9 (Flyball, 9LM, EV 93.1 MPH)
|
Bottom of the 7th over - 0 runs, 1 hit, 0 errors, 1 left on base; Scranton WB 0 - Durham 0 |
TOP OF THE 8TH |
Scranton WB RailRiders batting - Pitching for Durham Bulls : RHP Al Speer
|
Batting: LHB Dan Morris
|
0-0: Foul Ball, location: 2F 0-1: SINGLE (Flyball, 3D, EV 86.2 MPH)
|
Batting: RHB Andy Wasierski
|
|
Pinch Hitting: LHB Paul Diaz
|
0-0: Ball 1-0: Ball 2-0: SINGLE (Line Drive, 8RS, EV 92.5 MPH) Dan Morris to second Runner from 2nd tries for 3rd, OUT! 8-5
|
Batting: SHB Joe Fure
|
0-0: Ball 1-0: Foul Ball, location: 2F 1-1: Ball 2-1: Ball Paul Diaz steals 2nd base 3-1: Swinging Strike 3-2: Foul Ball, location: 2F 3-2: Strikes out looking
|
Batting: RHB Josh Zoglmann
|
0-0: Ball 1-0: Ground out 1-3 (Groundball, P, EV 60.6 MPH)
|
Top of the 8th over - 0 runs, 2 hits, 0 errors, 1 left on base; Scranton WB 0 - Durham 0 |
BOTTOM OF THE 8TH |
Durham Bulls batting - Pitching for Scranton WB RailRiders : RHP Soh Kawashima
|
Now at 2B: Paul Diaz
|
|
Pinch Hitting: LHB Davion Lewis
|
0-0: Foul Ball, location: 2F 0-1: Called Strike 0-2: Foul Ball, location: 2F 0-2: Ball 1-2: Foul Ball, location: 2F 1-2: Foul Ball, location: 2F 1-2: Ball 2-2: Foul Ball, location: 2F 2-2: Ball 3-2: SINGLE (Groundball, 5D, EV 100.6 MPH)
|
Batting: RHB Alex Diaz
|
0-0: Ball 1-0: Sac Bunt to 25 - play at first, batter OUT! 5-3 Davion Lewis to second
|
Batting: SHB Joey Pacheco
|
0-0: Intentional Walk
|
Pinch Hitting: SHB Brett McEwen
|
0-0: SINGLE (Groundball, 4MD, EV 103.8 MPH) Davion Lewis to third Joey Pacheco to second Runner from 3rd tries for Home, SAFE, throw by CF to home
|
Batting: RHB Jonathan Fraire
|
0-0: Called Strike Joey Pacheco is caught stealing 3rd base 2-5 0-1: Swinging Strike 0-2: Ball 1-2: Ball 2-2: Ball 3-2: Base on Balls Brett McEwen to second
|
Batting: RHB Kevin Benfield
|
0-0: Foul Ball, location: 2F 0-1: Fly out, F9 (Flyball, 9D, EV 95.6 MPH)
|
Bottom of the 8th over - 1 run, 2 hits, 0 errors, 2 left on base; Scranton WB 0 - Durham 1 |
TOP OF THE 9TH |
Scranton WB RailRiders batting - Pitching for Durham Bulls : RHP Al Speer
|
Pitching: RHP Cody Wilharm
|
|
Now at 3B: Paul Landes
|
|
Now in LF: Davion Lewis
|
|
Pinch Hitting: LHB Jose Lebron
|
0-0: Fly out, F7 (Flyball, 7, EV 92.5 MPH)
|
Batting: RHB Devon Utley
|
0-0: Ball 1-0: Swinging Strike 1-1: Ball 2-1: Foul Ball, location: 2F 2-2: Strikes out swinging
|
Batting: LHB Aaron Joyner
|
0-0: Ball 1-0: Foul Ball, location: 2F 1-1: Ball 2-1: Foul Ball, location: 2F 2-2: Ground out 6-3 (Groundball, 56S, EV 87.5 MPH)
|
Top of the 9th over - 0 runs, 0 hits, 0 errors, 0 left on base; Scranton WB 0 - Durham 1 |
|